 Dungeon Crawl Stone Soup version 0.17-a0-2127-g1cb09f6 (webtiles) character file.

112 Maka the Insei (level 4, -2/35 HPs)
             Began as a Draconian Transmuter on Oct 22, 2015.
             Slain by Sigmund
             ... wielding a +0 scythe of protection
              (7 damage)
             ... on level 3 of the Dungeon.
             The game lasted 00:03:45 (1891 turns).

Maka the Insei (Draconian Transmuter)               Turns: 1891, Time: 00:03:45

Health: -2/35      AC:  7    Str: 12    XL:     4   Next: 63%
Magic:  7/7        EV: 13    Int: 13    God:
Gold:   55         SH:  0    Dex: 13    Spells: 1 memorised, 6 levels left

rFire  . . .     SeeInvis .       - Unarmed
rCold  . . .     Clarity  .     (armour unavailable)
rNeg   . . .     SustAt   .     (no shield)
rPois  .         Gourm    .     (helmet restricted)
rElec  .         Spirit   .     h - +0 cloak
rCorr  .         Warding  .     o - +0 pair of gloves
rMut   .         Stasis   .     (boots currently unavailable)
MR     +....                    (no amulet)
Stlth  +.........               (no ring)
                                i - ring of protection from magic

@: appendage (expiring), somewhat resistant to hostile enchantments, very
unstealthy
A: unfitting armour, talons 3, cold-blooded, AC +5
a: End Transformation


You were on level 3 of the Dungeon.
You were hungry.
You had grown temporary talons.
You visited 1 branch of the dungeon, and saw 3 of its levels.

You collected 55 gold pieces.

Inventory:

Missiles
 a - 12 arrows
Armour
 h - a +0 cloak (worn)
 o - a +0 pair of gloves (worn)
Jewellery
 i - a ring of protection from magic (left hand)
Scrolls
 e - a scroll of remove curse {unknown}
 f - a scroll of fear {unknown}
 g - 2 scrolls of fog {unknown}
 k - a scroll of identify {unknown}
Potions
 d - a potion of agility {unknown}
 j - 3 potions of ambrosia {unknown}
 l - a potion of poison {unknown}
Books
 b - a book of Changes

   Spells                             Type                      Level
   a - Beastly Appendage              Transmutation                1
   b - Sticks to Snakes               Transmutation                2
   c - Spider Form                    Transmutation/Poison         3
   d - Ice Form                       Ice/Transmutation            4
   e - Blade Hands                    Transmutation                5
Comestibles
 c - 2 bread rations
 n - 2 meat rations


   Skills:
 - Level 1.1 Fighting
 + Level 2.6 Dodging
 - Level 5.0 Unarmed Combat
 - Level 2.0 Spellcasting
 - Level 2.0 Transmutations


You had 6 spell levels left.
You knew the following spells:

 Your Spells              Type           Power        Failure   Level  Hunger
a - Beastly Appendage     Trmt           #.....       12%         1    ##.....


Dungeon Overview and Level Annotations

Branches:
Dungeon (3/15)

Altars:
Kikubaaqudgha

Annotations:
D:3 Sigmund


Innate Abilities, Weirdness & Mutations

Your plain brown scales are hard (AC +5).
Your body does not fit into most forms of armour.
You are cold-blooded and may be slowed by cold attacks.
You have claws for feet.


Message History

You closely miss Sigmund.
Sigmund is heavily wounded.
Your transformation is almost over.
The rat completely misses you.
You hit Sigmund.
Sigmund is heavily wounded.
Sigmund is suddenly surrounded by pale blue light.
Sigmund mumbles some strange words.
Sigmund flickers and vanishes!
Deactivating autopickup; reactivate with Ctrl-A.
The rat bites you but does no damage.
You closely miss something. You claw something. Something hits you!
The rat closely misses you.
You hit something but do no damage. Your kick misses something.
The rat closely misses you.
You closely miss something. Your kick misses something. Something hits you.
* * * LOW HITPOINT WARNING * * *
The rat bites you but does no damage.
You hit something but do no damage. You claw something. Something hits you!
You die...

#.# #.#### # #####
##.##.. #. .... .@##.# #
#.###.####.##.######..
#.#.....>....##@........
##.............{r.......<
.......................#.
######.#..#.#########.#
#.#..#.# # # #.##.#.#
#.#'##+#+#+####..
#...............
#...........#


You could see a rat.

Vanquished Creatures
  Robin (D:2)
  3 adders (D:2)
  An ooze (D:2)
  2 worms (D:2)
  3 giant geckos (D:1)
  A ball python (D:1)
  4 bats
  4 giant cockroaches
  18 goblins
  6 hobgoblins
  5 jackals (D:1)
  4 kobolds
  A quokka (D:3)
  3 giant newts
  5 rats
61 creatures vanquished.

Notes
Turn   | Place    | Note
--------------------------------------------------------------
     0 | D:1      | Maka the Draconian Transmuter began the quest for the Orb.
     0 | D:1      | Reached XP level 1. HP: 16/16 MP: 3/3
   296 | D:1      | Reached XP level 2. HP: 21/23 MP: 1/5
   436 | D:1      | Reached skill level 4 in Unarmed Combat
   741 | D:1      | Reached XP level 3. HP: 23/28 MP: 4/6
  1204 | D:2      | Noticed Robin
  1263 | D:2      | Killed Robin
  1263 | D:2      | Reached XP level 4. HP: 21/35 MP: 5/7
  1324 | D:2      | Reached skill level 5 in Unarmed Combat
  1596 | D:2      | Found an ancient bone altar of Kikubaaqudgha.
  1853 | D:3      | Noticed Sigmund
  1891 | D:3      | Slain by Sigmund

Vault maps used:
D:1:      onia_arrival_larder, grunt_decor_resistance,
          hangedman_abyss_or_decor_lesser_grid, dk_noncrumbling_3
D:2:      nicolae_overflow_crystal_walls, st_stairs_12, nrook_uturn, uniq_robin
D:3:      overflow_temple_1_default, grunt_temple_overflow_open,
          minmay_joined_circles, uniq_sigmund

Action                   |  1- 3 |  4- 6 || total
-------------------------+-------+-------++-------
Melee: Unarmed           |   128 |    83 ||   211
 Cast: Beastly Appendage |     8 |     6 ||    14
  Eat: Chunk             |     1 |     2 ||     3
